Map: Orbital Shipyard

Players

LilDicky - Winner!

  • Race: Terran Terran
  • League: Diamond

mimik

  • Race: Zerg Zerg
  • League: Platinum

VOD

http://www.twitch.tv/tumescentpie

Description

Time

  • Played on: Nov. 28, 2015, 10:11 p.m.
  • Length: 16:11
Show
View Real Time Build Order
Export as new Build Order

LilDicky Terran - Winner!

Build Orders: Command Center First (CC), MMM Bio 

Get SALT Encoding   

  12  0:02  SCV  
  13  0:15  SCV  
  14  0:23  Supply Depot  
  14  0:27  SCV  
  15  0:44  SCV  
  16  0:56  SCV  
  17  1:03  Command Center  
  17  1:08  SCV  
  18  1:15  Barracks  
  18  1:20  SCV  
  19  1:33  SCV  
  20  1:45  SCV  
  21  1:57  SCV  
  22  2:04  Supply Depot, Marine  
  23  2:18  Orbital Command x2  
  22  2:30  Marine  
  22  2:31  Command Center  
  22  2:35  Bunker  
  23  2:45  SCV  
  23  2:48  SCV, Marine  
  23  2:49  Bunker  
  26  3:05  Marine  
  26  3:07  Supply Depot  
  27  3:13  SCV  
  27  3:18  SCV  
  29  3:23  Marine  
  29  3:25  Command Center, SCV  
  31  3:32  Supply Depot  
  31  3:33  SCV  
  32  3:37  SCV  
  33  3:43  Marine  
  33  3:45  SCV, Orbital Command  
  35  3:49  SCV  
  36  3:57  SCV  
  36  3:59  Command Center  
  36  4:00  Marine  
  36  4:01  SCV  
  39  4:09  SCV  
  40  4:10  Supply Depot  
  40  4:30  SCV x3  
  43  4:34  Refinery x2, Marine  
  43  4:37  Refinery  
  43  4:38  Refinery  
  44  4:39  Barracks, Orbital Command  
  44  4:42  SCV x2  
  46  4:46  Barracks  
  46  4:48  SCV  
  46  4:49  Barracks  
  46  4:51  Marine  
  48  5:09  Marine  
  48  5:14  Orbital Command  
  48  5:22  Orbital Command  
  49  5:32  Barracks Reactor  
  48  5:38  Barracks Tech Lab x2  
  48  5:40  SCV  
  48  5:41  SCV  
  48  5:42  Supply Depot  
  50  5:44  Barracks Reactor  
  50  5:47  Barracks x2  
  50  5:48  Barracks  
  50  5:50  Barracks  
  50  5:51  Barracks  
  50  5:56  Marine x2  
  52  6:12  Marine x2  
  52  6:14  Marine x2  
  52  6:18  Bunker  
  56  6:19  Engineering Bay x2  
  56  6:21  SCV x2  
  58  6:30  Marine x2  
  58  6:32  Marine x4  
  63  6:33  Combat Shields, Refinery  
  63  6:34  Command Center, Refinery, Stimpack  
  63  6:39  SCV x3  
  69  6:44  Barracks Reactor  
  69  6:45  Barracks Reactor, Bunker  
  69  6:46  Barracks Reactor  
  69  6:47  Orbital Command  
  69  6:48  Marine x2  
  69  6:50  Barracks Reactor, Marine x4  
  69  6:51  Barracks Reactor  
  73  6:54  SCV x2  
  73  6:55  SCV x2  
  73  6:57  Terran Infantry Weapons Level 1  
  73  6:59  Terran Infantry Armor Level 1  
  77  7:05  Factory, Marine  
  77  7:06  SCV, Missile Turret, Marine  
  77  7:07  Marine  
  77  7:08  Missile Turret, Marine x3  
  84  7:12  Missile Turret  
  84  7:13  Missile Turret  
  84  7:23  Marine x2  
  84  7:24  SCV  
  84  7:25  SCV x4, Marine  
  84  7:26  Marauder, Marine x2  
  96  7:34  Missile Turret, Marine  
  96  7:35  Missile Turret, Marine x3  
  100  7:40  SCV, Marine  
  100  7:41  Marine x2  
  100  7:44  Marauder  
  106  7:47  Marauder  
  106  7:49  Supply Depot  
  108  7:52  Missile Turret  
  108  7:56  Marine x7  
  108  7:57  Concussive Shells  
  108  7:58  Marine  
  116  8:02  Factory Reactor  
  116  8:05  Armory, Marauder  
  118  8:09  Marauder  
  118  8:11  Missile Turret x2  
  120  8:13  Missile Turret x2  
  120  8:18  Missile Turret  
  120  8:23  Planetary Fortress  
  120  8:24  Missile Turret x2  
  120  8:27  Marine  
  120  8:28  Marine x5  
  120  8:33  Marine, Marauder  
  129  8:36  Marauder  
  129  8:37  Marine  
  129  8:38  SCV  
  133  8:46  Starport  
  133  8:57  Marauder  
  135  9:04  SCV x2  
  135  9:05  SCV x3  
  135  9:09  Marine x3  
  142  9:10  Marine  
  142  9:11  Marauder  
  142  9:15  Terran Infantry Weapons Level 2, Terran Infantry Armor Level 2  
  142  9:16  Terran Vehicle And Ship Armor Level 1  
  146  9:35  Widow Mine, Marine x2  
  146  9:36  Marauder  
  146  9:37  Marauder  
  134  9:41  Marine  
  134  9:42  Marine x11  
  119  9:53  Marine x2  
  119  9:57  Marauder  
  119  9:58  Medivac x2  
  119  9:59  Marine x2, Marauder  
  130  10:06  Widow Mine  
  131  10:08  Missile Turret  
  125  10:19  Marauder  
  125  10:20  Marauder  
  129  10:29  Missile Turret x2  
  129  10:30  Command Center  
  129  10:31  Refinery x2  
  129  10:33  Marine  
  129  10:34  Command Center, Marine x12  
  143  10:36  Medivac  
  143  10:38  Factory Reactor, Medivac  
  145  10:44  Starport, Marauder x2  
  108  11:06  Marauder  
  110  11:13  Medivac x2  
  110  11:18  Marine x4  
  115  11:19  Marine x11  
  115  11:20  SCV x6  
  115  11:21  Command Center  
  135  11:25  Command Center  
  135  11:27  Marauder  
  135  11:29  Factory Reactor  
  136  11:36  Marine x3  
  136  11:37  Marauder  
  124  11:48  Marauder  
  126  11:54  Marine x2  
  126  11:55  Marine x4  
  126  11:59  Marauder  
  131  12:02  Marine x4  
  131  12:07  Marine  
  132  12:10  Marauder  
  134  12:18  Marine  
  134  12:19  Marine x6  
  134  12:20  Planetary Fortress, Marauder  
  143  12:23  Missile Turret  
  143  12:30  Marine  
  143  12:31  Marauder, Marine x6  
  143  12:36  Marine x4  
  143  12:37  Marine x3  
  154  12:41  Marauder, Widow Mine x2  
  165  12:48  Marine  
  165  12:49  Marine x6  
  172  12:52  Marine  
  172  12:54  Marine x3  
  176  13:02  Missile Turret  
  176  13:09  Marauder  
  176  13:10  Marauder  
  168  13:31  Marine  
  168  13:32  Marauder  
  152  13:43  Marine  
  152  13:44  Marine x7  
  152  13:45  Marauder  
  152  13:47  Marine x4  
  152  13:48  Marine  
  159  13:49  Marine  
  159  13:53  Medivac, Marauder  
  159  13:54  Widow Mine x2, Medivac x2  
  169  14:01  Marine  
  169  14:02  Marine  
  171  14:05  Missile Turret  
  171  14:06  Missile Turret, Marauder  
  171  14:07  Planetary Fortress, Missile Turret  
  173  14:11  SCV  
  173  14:12  SCV x2  
  175  14:50  Supply Depot  
  175  14:52  Medivac  
  175  14:53  Marauder  
  175  14:54  Marauder  
  175  14:55  Medivac x3  
  119  15:14  Marauder  
  119  15:16  Marine x12  
  119  15:17  Marine x3  
  136  15:22  Medivac  
  136  15:25  Medivac  
  140  15:33  Marine  
  140  15:34  Marine x2  
  140  15:35  Marauder, Marine x11  
  156  15:36  Marauder  
  156  15:51  Marine  
  156  15:52  Marine x4  
  156  15:53  Marine x9  
  172  16:11  Command Center  
Show
View Real Time Build Order
Export as new Build Order

mimik Zerg 

Build Orders: Hatch First, Lurkers 

Get SALT Encoding   

  12  0:02  Drone  
  13  0:09  Drone  
  14  0:17  Overlord  
  14  0:28  Extractor  
  14  0:31  Drone x2, Extractor  
  16  0:37  Drone  
  17  1:00  Hatchery  
  16  1:05  Drone  
  17  1:11  Spawning Pool  
  17  1:16  Drone  
  17  1:21  Extractor  
  17  1:23  Drone  
  17  1:24  Drone  
  18  1:33  Overlord  
  18  1:40  Drone  
  19  1:59  Queen  
  19  2:00  Zergling x2  
  19  2:01  Zergling x2  
  23  2:12  Overlord, Queen  
  25  2:22  Metabolic Boost  
  25  2:25  Drone x3  
  28  2:35  Drone x2  
  30  2:41  Queen  
  32  2:53  Baneling Nest  
  32  2:57  Overlord  
  31  3:02  Drone x3  
  34  3:09  Drone  
  34  3:10  Drone x2  
  36  3:29  Drone x2  
  36  3:30  Drone x5  
  43  3:42  Overlord x2  
  43  3:51  Evolution Chamber  
  43  3:53  Evolution Chamber  
  41  4:00  Drone  
  41  4:01  Drone x7  
  49  4:05  Extractor  
  48  4:10  Hatchery  
  48  4:16  Extractor  
  46  4:17  Extractor  
  46  4:19  Drone x3  
  48  4:27  Zerg Ground Armor Level 1, Zerg Melee Weapons Level 1  
  48  4:30  Drone x2  
  50  4:32  Overlord  
  50  4:47  Zergling x2  
  50  4:48  Zergling x8  
  50  4:50  Lair  
  55  5:23  Drone x7  
  55  5:24  Drone x5  
  55  5:25  Queen  
  68  5:41  Roach Warren  
  67  5:55  Overlord x2  
  67  5:58  Extractor  
  67  5:59  Spire  
  67  6:01  Extractor  
  67  6:03  Hydralisk Den  
  63  6:07  Overlord  
  63  6:08  Overlord x4  
  63  6:11  Drone x3  
  65  6:12  Drone x2  
  65  6:13  Drone  
  65  6:14  Drone  
  65  6:15  Drone x2  
  72  6:28  Zerg Ground Armor Level 2, Zerg Melee Weapons Level 2  
  72  6:34  Infestation Pit  
  72  6:35  Zergling x2  
  72  6:36  Zergling x8  
  76  6:47  Hatchery  
  75  6:54  Muscular Augments  
  75  6:56  Glial Reconstitution  
  75  7:17  Pathogen Glands  
  75  7:33  Hive  
  75  7:35  Zergling x2  
  75  7:36  Zergling x8  
  80  7:52  Zerg Flyer Armor Level 1  
  80  7:54  Centrifical Hooks  
  80  7:57  Baneling x5  
  80  7:59  Zergling x12  
  80  8:00  Zergling x36  
  80  8:03  Infestor x2  
  108  8:13  Drone x3  
  108  8:14  Drone  
  112  8:21  Overlord x4  
  112  8:25  Drone  
  112  8:26  Drone x2, Overlord  
  115  8:27  Infestor x2  
  115  8:28  Infestor x2  
  123  8:43  Overseer  
  123  8:46  Infestor x3  
  129  8:52  Adrenal Glands  
  128  9:06  Extractor  
  128  9:08  Extractor  
  126  9:10  Spine Crawler  
  126  9:11  Spine Crawler  
  126  9:13  Spine Crawler  
  126  9:15  Spine Crawler  
  122  9:23  Baneling  
  122  9:24  Baneling x8  
  122  9:25  Baneling x3  
  104  9:50  Zergling x8  
  107  10:07  Zerg Melee Weapons Level 3  
  107  10:08  Zerg Ground Armor Level 3  
  106  10:14  Overseer  
  106  10:20  Extractor  
  105  10:21  Hatchery  
  105  10:23  Extractor  
  105  10:24  Hatchery  
  102  10:33  Burrow  
  65  10:58  Roach  
  65  10:59  Roach x16  
  65  11:00  Hydralisk x6, Roach x5  
  65  11:01  Hydralisk  
  119  11:17  Zerg Flyer Weapons Level 1  
  119  11:18  Lurker Den  
  117  11:45  Overseer  
  115  11:50  Queen  
  117  12:01  Roach x2  
  117  12:02  Roach x6  
  128  12:23  Overlord x5  
  128  12:24  Overlord x3  
  128  12:41  Queen  
  128  12:43  Overlord x4  
  130  12:56  Mutalisk  
  130  12:57  Mutalisk x7  
  146  13:08  Mutalisk x3  
  151  13:26  Mutalisk x4  
  159  13:37  Mutalisk x2  
  159  13:38  Mutalisk  
  165  13:47  Zerg Missile Weapons Level 1  
  164  13:57  Lurker  
  164  13:58  Lurker x3  
  158  14:18  Drone x2  
  158  14:19  Drone x2  
  146  15:03  Roach x2  
  146  15:04  Roach x6  
  158  15:13  Lurker x3  
  159  15:19  Overseer  
  157  15:55  Extractor  
  155  15:57  Hatchery  
Tags
 
Add a new tag
Caveats
  • Supply blocks, unpowered buildings, or Contaminate may cause inaccurate times.
  • Supply counts are checked every 10 seconds.